Map: Port Aleksander LE

Players

hinO

  • Race: Zerg Zerg
  • Spawn Location: 5:00

Losting - Winner!

  • Race: Protoss Protoss
  • Spawn Location: 11:00

Event: 2019 WCS Spring

VOD

Have the link to the VOD?

Description

Time

  • Played on: May 17, 2019, 8:29 a.m.
  • Length: 8:41

All games in this series

Show
View Real Time Build Order
Export as new Build Order

hinO Zerg 

Build Orders: Hatch First 

Get SALT Encoding   

  12  0:00  Drone  
  13  0:13  Overlord  
  13  0:18  Drone  
  14  0:32  Drone x2  
  16  0:51  Hatchery  
  16  0:54  Drone  
  16  0:57  Drone  
  16  1:01  Drone  
  18  1:10  Extractor  
  17  1:16  Spawning Pool  
  16  1:19  Drone  
  16  1:23  Drone  
  18  1:30  Drone  
  19  1:49  Hatchery  
  19  1:52  Drone  
  19  1:56  Drone  
  20  2:04  Drone x2  
  22  2:12  Metabolic Boost  
  22  2:15  Zergling x2  
  23  2:17  Zergling x2  
  24  2:25  Queen  
  26  2:31  Overlord  
  27  2:37  Drone x2  
  28  2:49  Queen  
  28  2:51  Drone x3  
  32  2:55  Drone  
  34  3:00  Drone  
  35  3:06  Queen  
  35  3:08  Overlord  
  35  3:10  Drone  
  38  3:16  Drone x2  
  38  3:17  Drone  
  39  3:22  Drone  
  39  3:26  Drone  
  41  3:27  Drone  
  41  3:30  Drone  
  41  3:33  Overlord  
  43  3:35  Drone x3  
  43  3:40  Drone  
  47  3:47  Overlord  
  47  3:49  Drone x2  
  47  3:50  Spore Crawler  
  47  3:53  Drone  
  47  3:54  Roach Warren  
  48  3:59  Drone x2  
  48  4:00  Extractor  
  49  4:04  Lair  
  49  4:06  Drone x2  
  51  4:10  Overlord  
  51  4:12  Drone  
  51  4:13  Drone  
  53  4:17  Drone x3  
  53  4:21  Evolution Chamber, Extractor  
  53  4:24  Overlord  
  54  4:28  Overlord  
  54  4:30  Drone x3  
  57  4:33  Queen  
  57  4:35  Extractor  
  57  4:37  Overlord  
  58  4:38  Drone x2  
  58  4:42  Drone  
  58  4:44  Overlord  
  61  4:47  Zerg Missile Weapons Level 1  
  61  4:48  Drone x2  
  61  4:52  Zergling x4  
  65  4:53  Zergling x2  
  65  4:56  Drone  
  66  5:04  Drone  
  66  5:05  Drone x5  
  72  5:08  Hydralisk Den  
  71  5:15  Evolution Chamber  
  71  5:16  Drone  
  71  5:17  Drone  
  71  5:18  Overlord  
  72  5:22  Drone x2  
  72  5:24  Spore Crawler  
  72  5:25  Drone  
  73  5:32  Spore Crawler  
  71  5:38  Hydralisk x3  
  71  5:39  Hydralisk x2  
  71  5:40  Zergling x4  
  83  5:43  Grooved Spines  
  83  5:49  Hydralisk  
  83  5:50  Hydralisk x2  
  83  5:55  Hydralisk x2  
  83  5:56  Overseer  
  92  6:01  Drone x3  
  92  6:02  Drone  
  96  6:06  Extractor, Drone  
  96  6:08  Overlord  
  96  6:11  Overlord, Extractor  
  95  6:15  Zerg Ground Armor Level 1  
  95  6:25  Overlord x2  
  95  6:27  Hydralisk x3  
  101  6:33  Drone x3  
  101  6:34  Overlord  
  101  6:37  Hydralisk x2  
  108  6:43  Overlord x2  
  108  6:44  Hydralisk  
  108  6:45  Hydralisk  
  112  6:49  Zergling x4  
  112  6:50  Zergling x2  
  115  6:55  Zergling x2  
  115  6:56  Zergling x4  
  118  7:01  Hydralisk, Muscular Augments  
  118  7:02  Zergling x2  
  118  7:07  Hydralisk x2  
  125  7:09  Hydralisk  
  125  7:11  Hydralisk  
  125  7:13  Hydralisk  
  125  7:15  Zergling x2  
  132  7:21  Spine Crawler  
  132  7:22  Zergling x2  
  132  7:23  Zergling x8  
  132  7:29  Hydralisk x2  
  135  7:30  Spine Crawler  
  135  7:34  Hydralisk x2  
  142  7:40  Hydralisk x2  
  142  7:43  Overlord  
  146  7:45  Overlord  
  145  7:52  Overseer  
  145  7:53  Overseer x2  
  145  7:54  Overlord x2  
  138  8:11  Hydralisk x2  
  138  8:12  Hydralisk x6  
Show
View Real Time Build Order
Export as new Build Order

Losting Protoss - Winner!

Build Orders: 1 Gate Expand, Zealot Archon 

Get SALT Encoding   

  12  0:00  Probe  
  13  0:12  Probe  
  14  0:23  Pylon  
  14  0:25  Probe  
  15  0:37  Probe  
  16  0:43  Gateway  
  16  0:45  Probe  
  16  0:49  Assimilator  
  17  0:55  Probe  
  18  1:08  Probe  
  19  1:20  Probe  
  20  1:27  Nexus  
  20  1:37  Cybernetics Core  
  20  1:39  Probe  
  21  1:48  Pylon  
  21  1:51  Probe  
  22  1:56  Assimilator  
  22  2:00  Probe  
  22  2:04  Adept  
  22  2:08  Probe  
  26  2:18  Probe  
  27  2:30  Stargate, Probe  
  28  2:40  Stalker, Probe  
  28  2:42  Probe  
  32  2:48  Probe  
  32  2:50  Warp Gate  
  32  2:54  Probe  
  32  2:56  Probe  
  35  3:06  Probe  
  35  3:10  Void Ray  
  36  3:19  Adept  
  36  3:23  Probe x2  
  42  3:29  Pylon, Gateway  
  42  3:35  Assimilator, Probe x2  
  42  3:38  Assimilator  
  44  3:43  Probe  
  44  3:48  Probe  
  46  3:51  Probe, Void Ray  
  51  4:00  Probe  
  51  4:02  Probe  
  52  4:06  Pylon  
  53  4:12  Probe  
  54  4:18  Pylon  
  54  4:23  Pylon  
  54  4:24  Probe x2, Adept  
  58  4:33  Fleet Beacon  
  58  4:36  Probe x2  
  60  4:47  Void Ray  
  60  4:51  Pylon  
  64  4:55  Probe  
  65  5:07  Mothership  
  65  5:20  Robotics Facility  
  65  5:21  Forge  
  73  5:25  Twilight Council  
  73  5:47  Charge  
  73  5:50  Gateway  
  73  5:52  Gateway  
  73  5:54  Adept x2, Gateway  
  77  5:57  Gateway  
  77  6:00  Gateway  
  77  6:02  Protoss Ground Weapons Level 1  
  77  6:08  Warp Prism  
  79  6:15  Gateway x2  
  79  6:18  Pylon, Templar Archives  
  79  6:22  Gateway  
  79  6:29  Pylon  
  79  6:30  Pylon  
  79  6:35  Pylon  
  79  6:45  Observer  
  80  7:00  Photon Cannon  
  80  7:01  Pylon  
  80  7:03  Sentry x2  
  80  7:05  Zealot x4  
  80  7:06  Zealot  
  94  7:13  High Templar x2  
  98  7:17  Archon  
  98  7:29  Pylon  
  98  7:30  High Templar  
  98  7:31  High Templar  
  98  7:32  Zealot x6  
  98  7:34  Archon  
  114  7:53  Zealot x7  
  114  7:54  Zealot  
  130  8:11  High Templar x2  
  118  8:14  Zealot  
  118  8:15  Zealot x5  
  120  8:20  Archon  
  115  8:36  High Templar x2  
Tags
 
Add a new tag
Caveats
  • Supply blocks, unpowered buildings, or Contaminate may cause inaccurate times.
  • Supply counts are checked every 10 seconds.